 Dungeon Crawl Stone Soup version 0.31-a0-435-g2c6fae2916 (webtiles) character file.

Game seed: 17480494164815519721

10 nono the Sneak (level 2, 0/24 HPs)
             Began as a Formicid Delver on Aug 1, 2023.
             Slain by a howler monkey (2 damage)
             ... on level 4 of the Dungeon.
             The game lasted 00:00:51 (144 turns).

nono the Sneak (Formicid Delver)                     Turns: 144, Time: 00:00:52

Health: 0/24       AC:  3    Str: 16    XL:     2   Next: 30%
Magic:  2/2        EV: 12    Int:  9    God:
Gold:   0          SH:  0    Dex: 15    Spells: 1/1 levels left

rFire   . . .        a - +0 hand axe
rCold   . . .        (no shield)
rNeg    . . .        b - +0 leather armour
rPois   .            (helmet unavailable)
rElec   .            (no cloak)
rCorr   .            (no gloves)
SInv    +            (no boots)
Will    .....        (no amulet)
Stlth   +++          (no ring)
HPRegen 0.24/turn    (no ring)
MPRegen 0.08/turn

%: no passive effects
@: no status effects
A: permanent stasis, dig shafts and tunnels, antennae 3, four strong arms
a: Dig, Shaft Self


You were on level 4 of the Dungeon.
You visited 1 branch of the dungeon, and saw 2 of its levels.

Inventory:

Hand Weapons
 a - a +0 hand axe (weapon)
Armour
 b - a +0 leather armour (worn)
Wands
 f - a wand of digging (3)
Scrolls
 c - a scroll of fog
 d - a scroll of revelation
 e - a scroll of fear
 g - a scroll of enchant weapon {unknown}


   Skills:
 + Level 3.5 Fighting
 + Level 2.2 Axes
 + Level 2.0 Dodging
 + Level 6.1 Stealth


You had one spell level left.
You didn't know any spells.
Your spell library was empty.

Dungeon Overview and Level Annotations

Branches:
Dungeon (5/15)
 Temple: D:4-7

Altars:


Innate Abilities, Weirdness & Mutations

You cannot be hasted, slowed, berserked, paralysed or teleported.
You can dig through walls and to a lower floor.
You have a pair of large antennae on your head. (SInv)
Your four strong arms can wield two-handed weapons with a shield.


Message History

The endoplasm closely misses you.
You hit the endoplasm.
The endoplasm is almost dead.
The endoplasm hits you but does no damage.
You hit the endoplasm.
You kill the endoplasm!
The howler monkey hoots and howls with incredible vigour!
You hear a shout! x2; You hear a bark!
The howler monkey hits you.
There is a stone staircase leading down here.
The howler monkey completely misses you.
You hit the howler monkey.
The howler monkey is moderately wounded.
The howler monkey closely misses you.
You slash the howler monkey!
The howler monkey is heavily wounded.
The howler monkey barely misses you. The howler monkey hits you.
You hit the howler monkey.
The howler monkey is almost dead.
The howler monkey hits you.
You barely miss the howler monkey.
The howler monkey is almost dead.
The howler monkey hits you. x2
You barely miss the howler monkey.
The howler monkey is almost dead.
The howler monkey hoots and howls with incredible vigour!
You hear a bark!
You hear a shout! x2; You hear a bark!
You hear a shout! x2
You completely miss the howler monkey.
The howler monkey is almost dead.
The howler monkey barely misses you. The howler monkey hits you.
* * * LOW HITPOINT WARNING * * *
You closely miss the howler monkey.
The howler monkey is almost dead.
The howler monkey misses you.
You closely miss the howler monkey.
The howler monkey is almost dead.
The howler monkey hits you.
* * * LOW HITPOINT WARNING * * *
The howler monkey hits you.
You die...

. . ###. #...#
#..### ..... #..@##
..... ##.h>## ......
##...## ...... {
##...## #......
.......##..##.......
....... ##..#.....h.
......# ##..##
.....# ##..## ###
..... ##..## ###..


You could see a howler monkey.

Vanquished Creatures
  An adder (D:5)
  An endoplasm (D:4)
2 creatures vanquished.

Notes
Turn   | Place    | Note
-------+----------+-------------------------------------------
     0 | D:5      | nono the Formicid Delver began the quest for the Orb.
     0 | D:5      | Reached XP level 1. HP: 18/18 MP: 1/1
     2 | D:5      | Noticed an iguana
    47 | D:5      | Reached XP level 2. HP: 24/24 MP: 2/2
    89 | D:4      | Noticed a howler monkey
   144 | D:4      | Slain by a howler monkey

Illustrated notes

Levels and vault maps discovered:
D:4:      layout_cave_pods, nicolae_vehumet_radiance,
          minmay_temple_entry_poolview, ebering_ghost_sewer_d,
          minmay_manual_mullet
D:5:      layout_loops_cross, mainiacjoe_overflow_six_doors_small,
          minmay_misc_feat_pillars

Skill      XL: |  1 |
---------------+----+-----
Dodging        | 2 |  2.0
Fighting       | |  3.5
Axes           | |  2.2
Stealth        | |  6.1

Action                     || total
---------------------------++-------
  Melee: Hand axe          ||    22
 Armour: Leather armour    ||     5
  Dodge: Dodged            ||    17

Table legend: (Time is in decaauts)
 A = Elapsed time spent in this place.
 B = Non-inter-level travel time spent in this place.
 C = Inter-level travel time spent in this place.
 D = Time resting spent in this place.
 E = Time spent auto-exploring this place.
 F = Levels seen in this place.
 G = Mean time per level.
                   A        B        C        D        E       F      G
               +--------+--------+--------+--------+--------+-----+--------+
         Total |    147 |    146 |      1 |      0 |      0 |   2 |   73.5 |
       Dungeon |    147 |    146 |      1 |      0 |      0 |   2 |   73.5 |
               +--------+--------+--------+--------+--------+-----+--------+

Top non-repeatable levels by time:
     D:5: 91 daAuts
     D:4: 56 daAuts
